 Dungeon Crawl Stone Soup version 0.31-a0-230-g09eb5fc4d3 (webtiles) character file.

Game seed: 14559992441792452129

180 qw the Shooter (level 5, -3/45 HPs)
             Began as a Minotaur Hexslinger on July 6, 2023.
             Slain by a black bear (8 damage)
             ... on level 3 of the Dungeon.
             The game lasted 00:00:53 (2378 turns).

qw the Shooter (Minotaur Hexslinger)                Turns: 2378, Time: 00:00:53

Health: -3/45      AC:  9    Str: 12    XL:     5   Next: 33%
Magic:  5/5        EV: 11    Int: 10    God:
Gold:   102        SH:  0    Dex: 15    Spells: 5/6 levels left

rFire   + . .        Y - +2 sling
rCold   . . .        (no shield)
rNeg    . . .        k - +0 ring mail
rPois   .            (helmet restricted)
rElec   .            a - +2 cloak
rCorr   +            (no gloves)
SInv    .            i - +0 pair of boots {Stlth+}
Will    .....        (no amulet)
Stlth   ++           g - ring of resist corrosion
HPRegen 0.27/turn    j - ring of protection from fire
MPRegen 0.09/turn

%: no passive effects
@: no status effects
A: horns 2, retaliatory headbutt
a: no special abilities


You were on level 3 of the Dungeon.
You visited 1 branch of the dungeon, and saw 4 of its levels.

You collected 102 gold pieces.


Innate Abilities, Weirdness & Mutations

You have a pair of horns on your head.
You reflexively headbutt those who attack you in melee.


   Skills:
 - Level 3.1 Fighting
 + Level 5.4 Ranged Weapons
 - Level 1.0 Armour
 - Level 2.1 Dodging
 - Level 1.0 Spellcasting
 - Level 2.0 Hexes


You had 5 spell levels left.
You knew the following spells:

 Your Spells              Type           Power      Damage    Failure   Level
a - Slow                  Hex            16%        N/A       34%         1

Your spell library contained the following spells:

 Spells                   Type           Power      Damage    Failure   Level
 Inner Flame              Hex/Fire       2%         N/A       83%         3
 Portal Projectile        Hex/Tloc       4%         N/A       83%         3
 Cause Fear               Hex            2%         N/A       98%         4

Inventory:

Hand Weapons
 Y - a +2 sling (weapon)
Armour
 a - a +2 cloak (worn)
 i - a +0 pair of boots of stealth (worn)
 k - a +0 ring mail (worn)
Jewellery
 g - a ring of resist corrosion (left hand)
 j - a ring of protection from fire (right hand)
Scrolls
 e - a scroll of identify
Potions
 b - a potion of curing {unknown}
 f - a potion of mutation {unknown}

Dungeon Overview and Level Annotations

Branches:
Dungeon (4/15)
 Temple: D:4-7

Altars:
The Shining One

Annotations:
D:3 3 runed translucent doors, qw's ghost, weakling GrHs


Message History

Enter note:
Enter note:
Enter note:
Enter note:
Enter note:
Enter note:
Enter note: You shoot a sling bullet.
The sling bullet hits the black bear.
The black bear is severely wounded.
The black bear barely misses you.
The black bear claws you but does no damage.
The black bear barely misses you.
You shoot a sling bullet. The sling bullet hits the black bear.
The black bear is severely wounded.
The black bear goes berserk!
You shoot a sling bullet. The sling bullet hits the black bear.
The black bear is severely wounded.
The black bear bites you! The black bear claws you.
The black bear completely misses you.
The black bear bites you but does no damage.
The black bear closely misses you. The black bear barely misses you.
You shoot a sling bullet.
The sling bullet closely misses the black bear.
The black bear bites you.
The black bear claws you but does no damage. x2
The black bear bites you.
The black bear claws you but does no damage. x2
You shoot a sling bullet.
The sling bullet barely misses the black bear.
The black bear bites you!
The black bear claws you but does no damage.
The black bear closely misses you. The black bear misses you.
The black bear claws you.
The black bear claws you but does no damage.
You shoot a sling bullet. The sling bullet hits the black bear.
The black bear is almost dead.
The black bear completely misses you.
The black bear claws you but does no damage.
The black bear claws you. The black bear bites you!
You die...

#..#.#...#.######.##.########
#.#
.........#.#.......#........#
#.#
.........#.#.##############.#
#.# .........#.#.# #########
#.# #%# #..#.#.#.#.#.#
#.......# #.# #.#
#..#.#.#.#.#.####.#####.# #.#
#.# #..#.#.#.#.#......# #.#
#.# #.#
#..#.#............#####.#
#.###.#
#..#.###.#.#....@.......#
#.....#
#..#.#...#.##...h########
####### #..#.#.###.##....#
#..#.............#
#..#.............#
#..#..........####
#..#..........#
#..#..........####
...#.......(.....#


You could see a black bear (berserk).

Vanquished Creatures
  Natasha (thrice) (D:2)
  4 adders
  2 worms
  An orc (D:3)
  5 endoplasms
  2 giant cockroaches (D:1)
  5 goblins
  4 hobgoblins
  5 jackals
  4 quokkas
  7 ball pythons
  4 bats
  8 frilled lizards
  5 kobolds
  7 rats
66 creatures vanquished.

Notes
Turn   | Place    | Note
-------+----------+-------------------------------------------
     0 | D:1      | qw the Minotaur Hexslinger began the quest for the Orb.
     0 | D:1      | Reached XP level 1. HP: 16/16 MP: 1/1
     0 | D:1      | 0 ||| qw: Version: 0.3-a-46-gb1f654a
     0 | D:1      | 0 ||| qw: Game counter: 1779
     0 | D:1      | 0 ||| qw: Melee chars always use a shield: true
     0 | D:1      | 0 ||| qw: God list: Okawaru
     0 | D:1      | 0 ||| qw: Allow faded altars: false
     0 | D:1      | 0 ||| qw: Do Orc after clearing Dungeon:15 true
     0 | D:1      | 0 ||| qw: Do second Lair branch before Depths: true
     0 | D:1      | 0 ||| qw: Lair rune preference: random
     0 | D:1      | 0 ||| qw: Goals: Normal
     0 | D:1      | 0 ||| PLANNING D:1-11
   169 | D:1      | Reached skill level 3 in Ranged Weapons
   178 | D:1      | Reached XP level 2. HP: 23/23 MP: 2/2
   296 | D:1      | HP: 5/24 [goblin/+0 club (2)]
   304 | D:1      | HP: 4/24 [quokka (3)]
   396 | D:1      | Reached XP level 3. HP: 28/29 MP: 3/3
   732 | D:1      | 732 ||| UPGRADING to +0 pair of boots of stealth.
   737 | D:1      | 737 ||| UPGRADING to ring of resist corrosion.
   738 | D:1      | 738 ||| READING scroll labelled LAMAOTH XOCEX.
   739 | D:1      | 739 ||| READING scroll labelled GAUMO DIACVIACH.
   740 | D:1      | 740 ||| READING scroll labelled FIHEGAPPIW.
   741 | D:1      | 741 ||| DROPPING scroll of poison.
   988 | D:2      | Noticed Natasha
   995 | D:2      | Killed Natasha
   996 | D:2      | Reached skill level 4 in Ranged Weapons
  1035 | D:2      | 1035 ||| FLEEEEING.
  1058 | D:2      | Reached XP level 4. HP: 36/36 MP: 4/4
  1098 | D:2      | Noticed Natasha
  1103 | D:2      | Killed Natasha
  1104 | D:2      | Reached skill level 5 in Ranged Weapons
  1140 | D:2      | Noticed Natasha
  1153 | D:2      | Killed Natasha
  1244 | D:2      | Reached skill level 3 in Fighting
  1386 | D:2      | 1386 ||| UPGRADING to +2 cloak.
  1391 | D:2      | 1391 ||| UPGRADING to +0 ring mail.
  1401 | D:2      | 1401 ||| DROPPING +0 robe.
  1402 | D:2      | 1402 ||| UPGRADING to ring of protection from fire.
  1403 | D:2      | 1403 ||| READING scroll labelled HEIDIW BAOGA.
  1539 | D:3      | Reached XP level 5. HP: 45/45 MP: 5/5
  1543 | D:3      | Reached skill level 1 in Armour
  1566 | D:3      | Found a glowing golden altar of the Shining One.
  1584 | D:3      | Found a runed translucent gate.
  1584 | D:3      | Found a runed translucent gate.
  1584 | D:3      | Found a runed translucent gate.
  1587 | D:3      | Noticed qw's ghost (weakling GrHs)
  1863 | D:3      | Found a faded altar of an unknown god.
  2328 | D:3      | 2328 ||| READING scroll labelled MUL WOHUCOVVO.
  2329 | D:3      | 2329 ||| READING scroll labelled DITZEF SYAM.
  2330 | D:3      | 2330 ||| DRINKING 3 viscous grey potions.
  2331 | D:3      | 2331 ||| DROPPING 2 potions of attraction.
  2362 | D:4      | Noticed a black bear
  2363 | D:4      | 2363 ||| PLANNING SEWER
  2371 | D:4      | 2371 ||| STAIRDANCE
  2377 | D:3      | HP: 9/45 [black bear (8)]
  2378 | D:3      | Slain by a black bear

Levels and vault maps discovered:
D:1:      evilmike_arrival_crescent, layout_basic
D:2:      layout_basic, uniq_natasha
D:3:      layout_basic, mainiacjoe_overflow_cross_hatched,
          gammafunk_ghost_nasty_kobolds, shapermc_ecumenical_altar_gd,
          grunt_decor_junction
D:4:      layout_cave_pools, mainiacjoe_overflow_alcove_4, gup_sewer_entry_pipe,
          dreamdust_mushroom_princess, amcnicky_mini_corridor_feature

Skill      XL: |  1  2  3  4  5 |
---------------+----------------+-----
Ranged Weapons | 3 4 5 |  5.4
Fighting       | 2 3 |  3.1
Armour         | 1 |  1.0
Dodging        | |  2.1
Spellcasting   | |  1.0
Hexes          | |  2.0

Action                     |  1- 3 |  4- 6 || total
---------------------------+-------+-------++-------
   Fire: Sling             |    95 |    88 ||   183
    Use: Scroll            |     3 |     3 ||     6
         Potion            |       |     1 ||     1
 Armour: Robe              |     4 |       ||     4
         Ring mail         |       |    20 ||    20
  Dodge: Dodged            |    21 |    28 ||    49

Table legend:
 A = Non-vault XP
 B = Vault XP
 C = Vault XP percentage of total XP
 D = Non-vault monster count
 E = Vault monster count
 F = Vault count percentage of total count
                 A         B        C        D         E       F
            +---------+---------+-------+---------+---------+-------
      Total |     222 |      36 |  14.0 |      65 |       1 |   1.5
            +---------+---------+-------+---------+---------+-------
        D:1 |      49 |       0 |   0.0 |      34 |       0 |   0.0
        D:2 |     108 |      36 |  25.0 |      16 |       1 |   5.9
        D:3 |      63 |       0 |   0.0 |      14 |       0 |   0.0
        D:4 |       2 |       0 |   0.0 |       1 |       0 |   0.0
            +---------+---------+-------+---------+---------+-------
